 Dungeon Crawl Stone Soup version 0.30-a0-743-gbfdf073431 (webtiles) character file.

Game seed: 9538900280151608146

5910 BRD the Cleaver (level 10, -11/91 HPs)
             Began as a Demonspawn Chaos Knight on Feb 6, 2023.
             Was a Plaything of Xom.
             Mangled by Urug
             ... wielding a +4 broad axe
              (27 damage)
             ... on level 1 of the Lair of Beasts.
             The game lasted 00:27:54 (8468 turns).

BRD the Cleaver (Demonspawn Chaos Knight)           Turns: 8468, Time: 00:27:54

Health: -11/91     AC: 17    Str: 23    XL:     10   Next: 53%
Magic:  10/10      EV: 18    Int: 14    God:    Xom [*.....]
Gold:   157        SH:  5    Dex: 13    Spells: 9/9 levels left

rFire   . . .      SeeInvis .    G - +2 battleaxe (freeze)
rCold   . . .      Faith    .    (shield currently unavailable)
rNeg    . . .      Spirit   .    z - +4 leather armour of Hangman {Str+7 Stlth+}
rPois   .          Reflect  +    L - +1 helmet
rElec   +          Harm     .    K - +0 cloak
rCorr   .          Rampage  .    y - +1 pair of gloves
Will    +....                    I - +0 pair of boots
Stlth   ++++                     d - amulet of reflection
HPRegen 0.35/turn                B - ring of flight
MPRegen 0.12/turn                F - +5 ring of evasion

@: flying, hasted, studying Summonings, very quick
A: hooves 1, thin metallic scales 2, demonic guardian 1, powered by death 1,
strong-willed 1, robust 1, electricity resistance
a: Renounce Religion


You were on level 1 of the Lair of Beasts.
You worshipped Xom.
You were a special plaything of Xom.
You visited 3 branches of the dungeon, and saw 12 of its levels.

You collected 544 gold pieces.
You spent 387 gold pieces at shops.

Inventory:

Hand Weapons
 a - a +0 hand axe of chaos
 G - a +2 battleaxe of freezing (weapon)
Missiles
 k - 6 javelins
 x - 14 poisoned darts
Armour
 r - a +0 scale mail
 w - a +0 kite shield
 y - a +1 pair of gloves (worn)
 z - the +4 leather armour of Hangman (worn) {Str+7 Stlth+}
   (You found it on level 5 of the Dungeon)

   Str:       It affects your strength (+7).
   Stlth:     It makes you more stealthy.
 I - a +0 pair of boots (worn)
 K - a +0 cloak (worn)
 L - a +1 helmet (worn)
Magical Staves
 e - a staff of death
Jewellery
 d - an amulet of reflection (around neck)
 B - a ring of flight (left hand)
 F - a +5 ring of evasion (right hand)
Wands
 t - a wand of flame (10)
 M - a wand of roots (8)
Scrolls
 b - a scroll of torment {unknown}
 f - 2 scrolls of acquirement
 h - 5 scrolls of vulnerability
 i - 3 scrolls of fear {unknown}
 m - 4 scrolls of teleportation
 s - 5 scrolls of fog
 u - a scroll of enchant armour {unknown}
 A - 3 scrolls of noise {unknown}
 D - a scroll of butterflies {unknown}
 J - a scroll of blinking {unknown}
Potions
 g - 2 potions of brilliance
 j - 2 potions of flight {unknown}
 l - 2 potions of invisibility {unknown}
 n - 2 potions of lignification
 o - 2 potions of mutation {unknown}
 p - 3 potions of degeneration {unknown}
 q - 2 potions of heal wounds {unknown}
 v - a potion of haste
 C - a potion of might {unknown}
 E - a potion of curing
Miscellaneous
 c - a piece from Xom's chessboard (15/15) (quivered)
 H - a condenser vane


   Skills:
 + Level 9.0 Fighting
 + Level 9.6 Axes
 - Level 5.0 Armour
 - Level 5.0 Dodging
 - Level 5.0 Stealth


You had 9 spell levels left.
You didn't know any spells.
Your spell library contained the following spells:

 Spells                   Type           Power      Damage    Failure   Level
 Magic Dart               Conj           0%         1d3       32%         1
 Sting                    Tmut/Pois      0%         1d3       32%         1
 Poisonous Vapours        Pois/Air       0%         N/A       43%         2
 Searing Ray              Conj           0%         2d4       43%         2
 Static Discharge         Conj/Air       0%         2-2/arc   43%         2
 Sublimation of Blood     Necr           0%         N/A       43%         2
 Wereblood                Tmut           0%         N/A       43%         2
 Dazzling Flash           Conj/Hex       0%         N/A       67%         3
 Stone Arrow              Conj/Erth      0%         3d7       67%         3
 Summon Guardian Golem    Hex/Summ       0%         N/A       67%         3
 Vhi's Electric Charge    Tloc/Air       0%         N/A       67%         3
 Animate Armour           Summ/Erth      0%         N/A       97%         4
 Fulminant Prism          Conj/Hex       0%         3d5       97%         4
 Olgreb's Toxic Radiance  Pois           0%         N/A       97%         4
 Agony                    Necr           0%         N/A       100%        5
 Arcjolt                  Conj/Air       0%         1d10      100%        5
 Lightning Bolt           Conj/Air       0%         1d11      100%        5
 Silence                  Hex/Air        0%         N/A       100%        5
 Orb of Destruction       Conj           0%         9d5       100%        7
 Spellforged Servitor     Conj/Summ      0%         N/A       100%        7
 Summon Hydra             Summ           0%         N/A       100%        7
 Lehudib's Crystal Spear  Conj/Erth      0%         10d2      100%        8


Dungeon Overview and Level Annotations

Branches:
Dungeon (10/15)            Temple (1/1) D:6            Lair (1/5) D:9
    Orc: D:9-12

Altars:
Ashenzari
Cheibriados
Dithmenos
Fedhas
Gozag
Hepliaklqana
Kikubaaqudgha
Makhleb
Nemelex Xobeh
Okawaru
Qazlal
Ru
Sif Muna
Uskayaw
Vehumet
Wu Jian
Xom
Yredelemnul

Shops:
D:5 *   D:8 *?[!*

Annotations:
D:2 1 runed translucent door, Crazy Yiuf
Lair:1 Urug


Innate Abilities, Weirdness & Mutations

You have large cloven feet.
You are mostly covered in thin metallic scales. (AC +3)
A weak demonic guardian rushes to your aid.
You regenerate a little health from kills.
You are strong-willed. (Will+)
You are robust. (+10% HP)
You are resistant to electric shocks. (rElec)


Message History

Your shadow imp disappears in a puff of smoke!
You hit Urug but do no damage.
Urug is lightly wounded.
You slash the yak! You freeze the yak.
You kill the yak!
Urug hits you with a +4 broad axe!
Your Fighting skill increases to level 9!
You closely miss Urug.
Urug is lightly wounded.
Urug misses you.
You closely miss Urug.
Urug is lightly wounded.
Xom alters the dungeon around you.
Nothing appears to happen.
Urug hits you with a +4 broad axe.
You slash Urug! You freeze Urug.
Urug is moderately wounded.
You hit Urug. You freeze Urug.
Urug is heavily wounded.
You block Urug's attack.
You barely miss Urug.
Urug is heavily wounded.
Urug hits you with a +4 broad axe!!
You hit Urug but do no damage.
Urug is heavily wounded.
You block Urug's attack.
You closely miss Urug.
Urug is heavily wounded.
Urug barely misses you.
You barely miss Urug.
Urug is heavily wounded.
You closely miss Urug.
Urug is heavily wounded.
Urug squints, then shrugs and mutters, "Close enough."
Urug hits you with a +4 broad axe!
* * * LOW HITPOINT WARNING * * *
You barely miss Urug.
Urug is heavily wounded.
Urug hits you with a +4 broad axe!!
You die...
Xom is highly amused!

## ##. ##...
#.... ......
......####
......†.<######
...#..@o†....#
##.†.......#
######[....
##... ##


You could see Urug.

Vanquished Creatures
  A cane toad (Lair:1)
  2 wyverns (D:7)
  5 yaks (Lair:1)
  A shadow (D:7)
  4 fire bats (D:8)
  2 water moccasins
  A hell hound (D:8)
  An orc warrior (D:8)
  2 ice beasts
  A sky beast (D:7)
  A black bear (D:6)
  3 centaurs
  3 phantoms (D:6)
  2 kobold brigands
  4 bullfrogs
  6 scorpions
  8 wights
  13 killer bees
  4 howler monkeys
  2 lava snakes (D:8)
  2 jellies
  2 orc priests
  3 hounds
  3 iguanas
  3 orc wizards
  A howler monkey zombie (D:6)
  13 adders
  A white imp (D:6)
  2 ufetubi
  A worm (D:5)
  A dart slug (D:4)
  22 orcs
  4 ball pythons
  5 bats
  5 endoplasms
  2 giant cockroaches
  4 goblins
  6 hobgoblins
  7 jackals
  9 kobolds
  4 quokkas
  2 frilled lizards (D:2)
  5 rats
173 creatures vanquished.

Vanquished Creatures (collateral kills)
  A scorpion (D:6)
  A wight (D:7)
  Jessica (D:3)
  An iguana (D:6)
  A kobold (D:7)
5 creatures vanquished.

Vanquished Creatures (others)
  2 orcs (D:5)
  3 fire vortices (D:8)
5 creatures vanquished.

Grand Total: 183 creatures vanquished

Notes
Turn   | Place    | Note
-------+----------+-------------------------------------------
     0 | D:1      | BRD the Demonspawn Chaos Knight began the quest for the
                  | Orb.
     0 | D:1      | Reached XP level 1. HP: 18/18 MP: 1/1
     3 | D:1      | XOM: potion effect (might)
    46 | D:1      | XOM: cloud trail
   117 | D:1      | Gained mutation: A weak demonic guardian rushes to your
                  | aid. [demonic ancestry]
   117 | D:1      | Reached XP level 2. HP: 23/24 MP: 2/2
   200 | D:1      | XOM: silly message
   240 | D:1      | XOM: silly message
   674 | D:2      | Reached XP level 3. HP: 27/29 MP: 3/3
   689 | D:2      | XOM: silly message
   925 | D:2      | Found a faded altar of an unknown god.
  1121 | D:2      | XOM: 7-stop teleportation journey
  1619 | D:2      | Found a runed translucent door.
  1620 | D:2      | Noticed Crazy Yiuf
  1692 | D:2      | XOM: god gift: 7 stones
  1794 | D:3      | XOM: divination: detect creatures
  1807 | D:3      | Gained mutation: You are partially covered in thin metallic
                  | scales. (AC +2) [demonic ancestry]
  1807 | D:3      | Reached XP level 4. HP: 36/36 MP: 4/4
  1916 | D:3      | XOM: god gift: scroll labelled XULIMU JANT {god gift}
  2399 | D:3      | XOM: god gift: wand of flame (10)
  2402 | D:3      | Noticed Jessica
  2409 | D:3      | Killed Jessica
  2482 | D:3      | XOM: god gift: +4 spear of chaos
  2727 | D:4      | Gained mutation: You have large cloven feet. [demonic
                  | ancestry]
  2727 | D:4      | Reached XP level 5. HP: 35/42 MP: 5/5
  2903 | D:4      | XOM: blink monster(s)
  2962 | D:4      | XOM: give mutations
  2962 | D:4      | Gained mutation: You are strong-willed. (Will+) [Xom's
                  | grace]
  2962 | D:4      | Gained mutation: You are robust. (+10% HP) [Xom's grace]
  2962 | D:4      | Gained mutation: You are resistant to electric shocks.
                  | (rElec) [Xom's grace]
  3081 | D:4      | XOM: enchant monster (good)
  3175 | D:4      | Identified 2 scrolls of acquirement
  3275 | D:4      | Found a hide-covered altar of Uskayaw.
  3357 | D:5      | Entered Level 5 of the Dungeon
  3408 | D:5      | XOM: draining
  3419 | D:5      | Reached XP level 6. HP: 24/50 MP: 6/6
  3419 | D:5      | XOM: destruction
  3425 | D:5      | Reached skill level 5 in Axes
  3633 | D:5      | Found Alaca's Assorted Antiques.
  3642 | D:5      | Bought a dented jade amulet for 140 gold pieces
  3949 | D:5      | Reached skill level 1 in Dodging
  3949 | D:5      | Reached XP level 7. HP: 60/60 MP: 7/7
  4051 | D:5      | Identified the +4 leather armour of Hangman {Str+7 Stlth+}
  4265 | D:6      | XOM: summons friendly shadow imp
  4308 | D:6      | Reached skill level 5 in Fighting
  4499 | D:6      | Reached XP level 8. HP: 66/68 MP: 8/8
  4573 | D:6      | XOM: scenery: summon butterflies
  4574 | D:6      | XOM: blink monster(s)
  4576 | D:6      | XOM: silly message
  4612 | D:6      | Found a shadowy altar of Dithmenos.
  4695 | D:6      | Found a staircase to the Ecumenical Temple.
  4722 | Temple   | Entered the Ecumenical Temple
  5060 | D:7      | XOM: summons 8 friendly demons
  5078 | D:7      | Reached skill level 5 in Armour
  5238 | D:7      | Found a blossoming altar of Fedhas.
  5263 | D:7      | XOM: cast spell 'Discord'
  5278 | D:7      | XOM: confuse monster(s)
  5299 | D:7      | Gained mutation: You regenerate a little health from kills.
                  | [demonic ancestry]
  5299 | D:7      | Reached XP level 9. HP: 66/78 MP: 9/9
  5300 | D:7      | Reached skill level 1 in Stealth
  5516 | D:7      | Found a stormy altar of Qazlal.
  5527 | D:7      | You are sucked into a shaft and drop 3 floors!
  5527 | D:10     | Entered Level 10 of the Dungeon
  5896 | D:8      | Found Viuda's Magic Scroll Shoppe.
  5973 | D:8      | Found Diotsono's General Store.
  6130 | D:8      | Found Motrokko's Antique Armour Boutique.
  6132 | D:8      | XOM: summons 4 friendly demons
  6225 | D:8      | Reached skill level 5 in Dodging
  6300 | D:7      | XOM: summons 1 hostile shadow creature
  6446 | D:7      | XOM: summons 1 hostile shadow creature
  6462 | D:7      | XOM: noise
  7041 | D:8      | Bought a runed helmet for 247 gold pieces
  7291 | D:8      | Gained mutation: You are mostly covered in thin metallic
                  | scales. (AC +3) [demonic ancestry]
  7291 | D:8      | Reached XP level 10. HP: 76/88 MP: 10/10
  7311 | D:8      | Found Bahifit's Distillery.
  7311 | D:8      | XOM: 6-stop teleportation journey
  7420 | D:8      | XOM: 3-stop teleportation journey
  7614 | D:8      | Found Largh's Assorted Antiques.
  7665 | D:8      | Identified the +3 flail of Fortitude {freeze, rElec Stlth+}
  7945 | D:9      | Noticed a death yak
  7945 | D:9      | Noticed a death yak
  7945 | D:9      | Noticed a death yak
  7945 | D:9      | Noticed a death yak
  7973 | D:9      | Noticed a death yak
  7973 | D:9      | Noticed a death yak
  7974 | D:9      | Noticed a death yak
  8007 | D:9      | XOM: summons 3 hostile shadow creatures
  8008 | D:9      | Noticed a two-headed ogre
  8010 | D:9      | XOM: smoke on damage
  8116 | D:9      | Found a staircase to the Lair.
  8116 | D:9      | XOM: 4-stop teleportation journey
  8284 | D:9      | Reached skill level 5 in Stealth
  8435 | Lair:1   | XOM: noise
  8435 | Lair:1   | Entered Level 1 of the Lair of Beasts
  8435 | Lair:1   | Noticed a cane toad
  8440 | Lair:1   | Noticed Urug
  8451 | Lair:1   | XOM: swap monsters
  8452 | Lair:1   | Killed a cane toad
  8468 | Lair:1   | Mangled by Urug

Illustrated notes

Levels and vault maps discovered:
D:1:      dpeg_arrival_tiny_a, layout_loops_ring, hex_tiny,
          hangedman_decor_peaks_small
D:2:      layout_loops_corners, shapermc_ecumenical_altar_acropolis,
          uniq_crazy_yiuf_cottage
D:3:      layout_loops_corners, grunt_decor_resistance, uniq_jessica
D:4:      layout_rooms, lemuel_doored_altar
D:5:      layout_basic, serial_shops, shop, grunt_ministairs_1
D:6:      layout_basic, kennysheep_little_box, minmay_temple_entry_proselytizer,
          serial_undead, serial_undead_c, serial_undead_e, serial_undead_b,
          serial_undead_d, chequers_serial_rivers_room_a
D:7:      layout_basic, nicolae_qazlal_eye_of_the_storm,
          mainiacjoe_overflow_brackets
D:8:      layout_layer_cave, serial_shops, nicolae_inconvenience_store, shop,
          nicolae_shop_competitors_out_of_business, nicolae_shop_hallway_plus,
          shop_coins, hangedman_incinerator
D:9:      layout_stronghold, dpeg_lair_monsters
D:10:     layout_basic, trog_hazing_becter, david_orc_2
Temple:   bh_familiar_temple
Lair:1:   layout_hall_layers, grunt_megastairs_2, uniq_urug

Skill      XL: |  1  2  3  4  5  6  7  8  9 10 |
---------------+-------------------------------+-----
Axes           | 3 4 5 6 7 8 9 |  9.6
Armour         | 2 3 4 5 |  5.0
Fighting       | 4 5 6 7 9 |  9.0
Dodging        | 1 2 4 5 |  5.0
Stealth        | 4 5 |  5.0

Action                     |  1- 3 |  4- 6 |  7- 9 | 10-12 || total
---------------------------+-------+-------+-------+-------++-------
  Melee: Hand axe          |   119 |   182 |   140 |       ||   441
         Kick              |       |    21 |    53 |       ||    74
         Battleaxe         |       |       |   116 |    93 ||   209
  Evoke: Piece from Xom's  |       |     6 |       |     2 ||     8
    Use: Scroll            |       |     6 |     1 |     1 ||     8
         Potion            |       |     4 |       |     2 ||     6
   Stab: Paralysed         |     1 |     3 |     4 |       ||     8
         Sleeping          |     1 |       |     4 |     4 ||     9
         Petrifying        |       |     2 |     1 |       ||     3
         Confused          |       |       |     2 |     2 ||     4
         Distracted        |       |       |     1 |       ||     1
 Armour: Leather armour    |    45 |    78 |    83 |    44 ||   250
         Skin              |       |    36 |       |       ||    36
  Dodge: Dodged            |    74 |    91 |   222 |   100 ||   487
  Block: Other             |       |     4 |    46 |    31 ||    81
         Reflection        |       |       |     1 |       ||     1

Table legend: (Time is in decaauts)
 A = Elapsed time spent in this place.
 B = Non-inter-level travel time spent in this place.
 C = Inter-level travel time spent in this place.
 D = Time resting spent in this place.
 E = Time spent auto-exploring this place.
 F = Levels seen in this place.
 G = Mean time per level.
                   A        B        C        D        E       F      G
               +--------+--------+--------+--------+--------+-----+--------+
         Total |   8517 |   8018 |    499 |    801 |   5498 |  12 |  709.8 |
       Dungeon |   8305 |   7830 |    475 |    801 |   5348 |  10 |  830.5 |
        Temple |    182 |    158 |     24 |      0 |    150 |   1 |  182.0 |
          Lair |     29 |     29 |      0 |      0 |      0 |   1 |   29.0 |
               +--------+--------+--------+--------+--------+-----+--------+

Top non-repeatable levels by time:
     D:8: 1596 daAuts
     D:7: 1163 daAuts
     D:2: 1099 daAuts
     D:3: 1003 daAuts
     D:4: 787 daAuts
     D:5: 745 daAuts
     D:1: 638 daAuts
     D:9: 630 daAuts
     D:6: 613 daAuts
  Temple: 182 daAuts
  Lair:1: 29 daAuts
    D:10: 27 daAuts
